 Dungeon Crawl Stone Soup version 0.30-a0-622-gddc90eaa04 (webtiles) character file.

Game seed: 6966458790420429161

1985 benadryl the Grappler (level 9, -2/88 HPs)
             Began as a Troll Fighter on Jan 10, 2023.
             Slain by a killer bee (8 damage)
             ... on level 7 of the Dungeon.
             The game lasted 00:06:58 (4385 turns).

benadryl the Grappler (Troll Fighter)               Turns: 4385, Time: 00:06:58

Health: -2/88      AC:  6    Str: 30    XL:     9   Next: 1%
Magic:  8/8        EV:  9    Int:  4    God:
Gold:   278        SH:  0    Dex: 21    Spells: 8/8 levels left

rFire   . . .      SeeInvis .      - Unarmed
rCold   . . .      Faith    .    b - +0 kite shield
rNeg    . . .      Spirit   .    a - +0 robe
rPois   .          Reflect  .    (helmet restricted)
rElec   .          Harm     .    v - +1 cloak
rCorr   .          Rampage  .    (gloves unavailable)
Will    .....                    (boots unavailable)
Stlth   +                        l - amulet of regeneration
HPRegen 1.94/turn                w - +6 ring of dexterity
MPRegen 0.11/turn                E - +6 ring of dexterity

@: confused, brilliant, lethally poisoned (-2 -> -6), about to teleport,
ambrosia-drunk, hasted, very quick
A: large, unfitting armour, claws 3, regeneration 1, shaggy fur 1, tough skin 1,
deterioration 1, subdued magic 1
a: no special abilities


You were on level 7 of the Dungeon.
You visited 1 branch of the dungeon, and saw 7 of its levels.

You collected 278 gold pieces.

Inventory:

Hand Weapons
 o - a +1 dagger of electrocution
Missiles
 s - a throwing net (quivered)
Armour
 a - a +0 robe (worn)
 b - a +0 kite shield (worn)
 v - a +1 cloak (worn)
Jewellery
 l - an amulet of regeneration (around neck)
 w - a +6 ring of dexterity (left claw)
 x - an amulet of magic regeneration
 A - a ring of see invisible
 B - a ring of flight
 E - a +6 ring of dexterity (right claw)
Wands
 z - a wand of quicksilver (4)
Scrolls
 c - a scroll of magic mapping {unknown}
 d - a scroll of poison
 e - a scroll of amnesia {unknown}
 i - a scroll of noise {unknown}
 k - a scroll of fear {unknown}
 n - a scroll of blinking {unknown}
 y - a scroll of enchant armour {unknown}
 C - a scroll of vulnerability {unknown}
Potions
 f - 2 potions of haste
 g - 2 potions of flight
 h - a potion of resistance
 m - a potion of berserk rage
 q - a potion of ambrosia
 r - a potion of attraction
 u - a potion of might


   Skills:
 + Level 5.4 Fighting
 - Level 2.4 Dodging
 - Level 5.0 Shields
 * Level 9.4 Unarmed Combat


You had 8 spell levels left.
You didn't know any spells.
Your spell library contained the following spells:

 Spells                   Type           Power      Damage    Failure   Level
 Shock                    Conj/Air       0%         1d3       73%         1
 Gell's Gravitas          Tloc           0%         N/A       98%         3
 Lesser Beckoning         Tloc           0%         N/A       98%         3
 Swiftness                Air            0%         N/A       98%         3
 Teleport Other           Tloc           0%         N/A       98%         3
 Airstrike                Air            0%         2d(0-16)  100%        4
 Petrify                  Tmut/Erth      0%         N/A       100%        4
 Metabolic Englaciation   Hex/Ice        0%         N/A       100%        5
 Statue Form              Tmut/Erth      0%         N/A       100%        6


Dungeon Overview and Level Annotations

Branches:
Dungeon (7/15)
 Temple: D:4-7

Altars:
Dithmenos
Gozag
Hepliaklqana
Kikubaaqudgha
Qazlal
Ru
Uskayaw
Wu Jian


Innate Abilities, Weirdness & Mutations

You are too large for most types of armour.
You have claws for hands.
Your natural rate of healing is unusually fast.
You are covered in fur. (AC +1)
You have tough skin. (AC +1)
Your body sometimes deteriorates upon taking damage.
Your spells are a little easier to cast, but a little less powerful.


Message History

You barely miss the killer bee.
The killer bee is heavily wounded.
You feel sick. You block the killer bee's attack. The killer bee stings you.
You are more poisoned.
The killer bee poisons you! The killer bee stings you.
* * * LOW HITPOINT WARNING * * *
The killer bee stings you but does no damage.
You closely miss the killer bee.
The killer bee is heavily wounded.
You feel sick. You block the killer bee's attack. The killer bee stings you!
* * * LOW HITPOINT WARNING * * *
You are more poisoned.
The killer bee poisons you!
It was a potion of brilliance.
You feel clever all of a sudden.
You feel very sick. You block the killer bee's attack. x2
It was a potion of mutation.
You feel extremely strange.
Your connection to magic feels subdued.
You feel yourself wasting away.
You feel very sick. The killer bee closely misses you.
The killer bee stings you but does no damage.
You block the killer bee's attack.
The killer bee stings you but does no damage.
As you read the scroll of teleportation, it crumbles to dust.
You feel strangely unstable.
You feel sick. You block the killer bee's attack.
The killer bee stings you but does no damage.
As you read the scroll labelled DYIQUM FIYREZU, it crumbles to dust.
It is a scroll of brand weapon.
Really abort (and waste the scroll)?
Okay, then.
You feel sick. The killer bee stings you.
* * * LOW HITPOINT WARNING * * *
You are lethally poisoned!
The killer bee poisons you!
The killer bee stings you but does no damage.
You are confused.
You feel invigorated.
You feel sick. The killer bee barely misses you. The killer bee stings you!
You die...

#.. .. #...##.
....#.. ## ..
.......
.##...#
....>..#.....#
........#
#######†# #yy#
#@## #.## #))#
##))hFh...
..#####.. ..
#... ... ##...
..# ##### ..#


You could see 2 killer bees.

Vanquished Creatures
  2 water moccasins
  An orc warrior (D:6)
  An ice beast (D:6)
  A black bear (D:4)
  3 ogres
  2 centaurs (D:7)
  A phantom (D:4)
  2 bullfrogs (D:7)
  A gnoll sergeant (D:7)
  2 scorpions
  2 killer bees (D:7)
  A howler monkey (D:7)
  3 hounds
  2 jellies
  Crazy Yiuf (D:3)
  A gnoll bouda (D:7)
  3 iguanas
  2 orc wizards (D:5)
  3 gnolls (D:7)
  8 adders
  A shadow imp (D:7)
  3 white imps
  An ufetubus (D:4)
  3 worms
  4 dart slugs
  26 orcs
  6 bats
  2 endoplasms
  4 giant cockroaches
  3 hobgoblins
  6 jackals
  6 quokkas
  3 ball pythons
  6 frilled lizards
  4 goblins
  9 kobolds
  4 rats
133 creatures vanquished.

Vanquished Creatures (others)
  A human (D:6)
  19 plants
20 creatures vanquished.

Grand Total: 153 creatures vanquished

Notes
Turn   | Place    | Note
-------+----------+-------------------------------------------
     0 | D:1      | benadryl the Troll Fighter began the quest for the Orb.
     0 | D:1      | Reached XP level 1. HP: 22/22 MP: 0/0
   140 | D:1      | Reached XP level 2. HP: 29/29 MP: 1/1
  1106 | D:2      | Reached XP level 3. HP: 36/36 MP: 2/2
  1257 | D:2      | Reached skill level 3 in Unarmed Combat
  1613 | D:3      | Noticed a water moccasin
  1649 | D:3      | Killed a water moccasin
  1650 | D:3      | Reached skill level 4 in Unarmed Combat
  1650 | D:3      | Reached XP level 4. HP: 30/44 MP: 3/3
  1650 | D:3      | Reached XP level 5. HP: 36/52 MP: 4/4
  1856 | D:3      | Reached skill level 5 in Unarmed Combat
  1918 | D:3      | Found a runed translucent door.
  1919 | D:3      | Noticed Crazy Yiuf
  2122 | D:3      | Killed Crazy Yiuf
  2460 | D:4      | Reached XP level 6. HP: 55/61 MP: 5/5
  2676 | D:4      | Reached skill level 6 in Unarmed Combat
  2763 | D:4      | Reached XP level 7. HP: 60/67 MP: 6/6
  3036 | D:5      | Entered Level 5 of the Dungeon
  3036 | D:5      | Found a hazy altar of Hepliaklqana.
  3170 | D:5      | Reached skill level 7 in Unarmed Combat
  3233 | D:5      | Found a shadowy altar of Dithmenos.
  3233 | D:5      | Found a sacrificial altar of Ru.
  3249 | D:5      | Found a hide-covered altar of Uskayaw.
  3565 | D:5      | Found an ornate altar of the Wu Jian Council.
  3601 | D:6      | Found an opulent altar of Gozag.
  3686 | D:6      | Reached XP level 8. HP: 78/79 MP: 7/7
  3807 | D:6      | Found an ancient bone altar of Kikubaaqudgha.
  4122 | D:6      | Found a stormy altar of Qazlal.
  4265 | D:6      | Reached skill level 5 in Shields
  4267 | D:6      | Reached skill level 8 in Unarmed Combat
  4320 | D:7      | Reached skill level 5 in Fighting
  4346 | D:7      | Reached skill level 9 in Unarmed Combat
  4370 | D:7      | Reached XP level 9. HP: 27/88 MP: 8/8
  4382 | D:7      | Gained mutation: Your spells are a little easier to cast,
                  | but a little less powerful. [potion of mutation]
  4382 | D:7      | Gained mutation: Your body sometimes deteriorates upon
                  | taking damage. [potion of mutation]
  4384 | D:7      | HP: 4/88 [killer bee (5)]
  4385 | D:7      | Slain by a killer bee

Illustrated notes

Levels and vault maps discovered:
D:1:      ncdulo_wetmaze, layout_basic, serial_forest,
          infiniplex_forest_lined_2, infiniplex_forest_clump_tiny,
          infiniplex_forest_clump_diagonal, infiniplex_forest_lined_2,
          infiniplex_forest_zigzag_1, infiniplex_forest_corner_1,
          infiniplex_forest_end_2, minmay_misc_feat_columns, minmay_unequal
D:2:      cheibrodos_old_hovel, layout_rooms, serial_bayou_pond_c,
          kennysheep_pointless_box, grunt_decor_resistance
D:3:      layout_rooms, uniq_crazy_yiuf_cottage
D:4:      layout_basic, minmay_misc_feat_chi
D:5:      layout_cave_pools, lemuel_doored_altar, lemuel_coloured_pillars_altar,
          nicolae_uskayaw_murder_on_the_dancefloor,
          gammafunk_temple_overflow_wave
D:6:      layout_loops_cross, nicolae_overflow_crystal_walls,
          kennysheep_mini_moat, tgw_kikubaaqudgha
D:7:      minmay_blocky_corners, layout_layer_cave,
          mainiacjoe_overflow_24_doors, minmay_temple_entry_wispy, serial_shops,
          shop, serial_bayou, serial_bayou_pond_a, serial_bayou_pond_b,
          serial_bayou_pond_e, serial_bayou_lagoon_a, enter_bailey_6

Skill      XL: |  1  2  3  4  5  6  7  8 |
---------------+-------------------------+-----
Shields        | 3 4 5 |  5.0
Unarmed Combat | 4 5 6 7 9 |  9.4
Fighting       | 3 4 5 |  5.4
Dodging        | |  2.4

Action                   |  1- 3 |  4- 6 |  7- 9 || total
-------------------------+-------+-------+-------++-------
Melee: Unarmed           |   133 |    95 |   164 ||   392
  Use: Scroll            |     3 |     3 |     7 ||    13
       Potion            |     2 |       |     6 ||     8
 Stab: Sleeping          |     1 |       |       ||     1
Armor: Robe              |    45 |    34 |    63 ||   142
Dodge: Dodged            |    37 |    24 |    75 ||   136
Block: Kite shield       |    61 |    37 |   130 ||   228

Table legend: (Time is in decaauts)
 A = Elapsed time spent in this place.
 B = Non-inter-level travel time spent in this place.
 C = Inter-level travel time spent in this place.
 D = Time resting spent in this place.
 E = Time spent auto-exploring this place.
 F = Levels seen in this place.
 G = Mean time per level.
                   A        B        C        D        E       F      G
               +--------+--------+--------+--------+--------+-----+--------+
         Total |   4383 |   4098 |    285 |    245 |   3061 |   7 |  626.1 |
       Dungeon |   4383 |   4098 |    285 |    245 |   3061 |   7 |  626.1 |
               +--------+--------+--------+--------+--------+-----+--------+

Top non-repeatable levels by time:
     D:1: 954 daAuts
     D:3: 891 daAuts
     D:6: 673 daAuts
     D:4: 612 daAuts
     D:2: 573 daAuts
     D:5: 563 daAuts
     D:7: 114 daAuts
